 Dungeon Crawl Stone Soup version 0.28.0-49-g6dfe1f597d (webtiles) character file.

Game seed: 17459723089727691738

152 Gabide the Poker (level 5, -6/41 HPs)
             Began as a Mummy Monk on May 13, 2022.
             Was a Priest of Kikubaaqudgha.
             Mangled by an orc
             ... wielding the +4 mace of Nemelex Xobeh's Anger {venom, Str+5 Stlth+}
              (10 damage)
             ... on level 1 of the Dungeon.
             The game lasted 00:09:46 (4369 turns).

Gabide the Poker (Mummy Monk)                       Turns: 4369, Time: 00:09:47

Health: -6/41      AC:  2    Str: 16    XL:     5   Next: 11%
Magic:  5/5        EV: 12    Int: 10    God:    Kikubaaqudgha [***...]
Gold:   71         SH:  0    Dex: 14    Spells: 4/4 levels left

rFire   x . .      SeeInvis .   a - +0 spear
rCold   + . .      Faith    .   (no shield)
rNeg    + + +      Spirit   .   b - +0 robe
rPois   ∞          Reflect  .   (no helmet)
rElec   .          Harm     .   (no cloak)
rCorr   .          Rampage  .   (no gloves)
Will    .....                   (no boots)
Stlth   ++........              c - amulet of the acrobat
HPRegen 0.13/turn               (no ring)
MPRegen 0.09/turn               (no ring)

@: no status effects
A: cold resistance 1, negative energy resistance 3, torment resistance 2, heat
vulnerability 1, no potions
a: Renounce Religion, Receive Corpses


You were on level 1 of the Dungeon.
You worshipped Kikubaaqudgha.
Kikubaaqudgha was most pleased with you.
You visited 1 branch of the dungeon, and saw 3 of its levels.

You collected 93 gold pieces.
You spent 22 gold pieces at shops.

Inventory:

Hand Weapons
 a - a +0 spear (weapon)
 i - a +0 battleaxe
Armour
 b - a +0 robe (worn)
 g - a +2 cloak
Jewellery
 c - an amulet of the acrobat (around neck)
Scrolls
 f - a scroll of immolation
 h - a scroll of magic mapping


   Skills:
 - Level 3.0 Fighting
 + Level 4.8 Polearms
 - Level 2.4 Dodging
 - Level 1.5 Stealth


You had 4 spell levels left.
You didn't know any spells.
Your spell library contained the following spells:

 Spells                   Type           Power      Damage    Failure   Level
 Animate Skeleton         Necr           0%         N/A       36%         1
 Pain                     Necr           0%         1d4       36%         1
 Corpse Rot               Necr/Air       0%         N/A       50%         2
 Frozen Ramparts          Ice            0%         1d2       75%         3
 Vampiric Draining        Necr           0%         2d6       75%         3
 Animate Dead             Necr           0%         N/A       98%         4
 Dispel Undead            Necr           0%         3d6       98%         4
 Summon Ice Beast         Ice/Summ       0%         N/A       98%         4
 Borgnjor's Vile Clutch   Necr/Erth      0%         N/A       100%        5
 Excruciating Wounds      Necr           0%         N/A       100%        5
 Death Channel            Necr           0%         N/A       100%        6
 Ice Form                 Ice/Tmut       Unusable   N/A       N/A         4

Dungeon Overview and Level Annotations

Branches:
Dungeon (3/15)

Altars:
Kikubaaqudgha
Beogh

Shops:
D:2 (!*(   D:3 *

Annotations:
D:3 Sobaton's ghost, amateur MiFi


Innate Abilities, Weirdness & Mutations

You are immune to poison.
Your flesh is cold resistant. (rC+)
You are immune to negative energy. (rN+++)
You are immune to unholy pain and torment.
You are vulnerable to heat. (rF-)
You do not drink.


Message History

You are too injured to fight recklessly!
You are too injured to fight recklessly!
You are too injured to fight recklessly!
You are too injured to fight recklessly!
You are too injured to fight recklessly!
You are too injured to fight recklessly!
You are too injured to fight recklessly!
You are too injured to fight recklessly!
You are too injured to fight recklessly!
You are too injured to fight recklessly!
You are too injured to fight recklessly!
You are too injured to fight recklessly!
As you read the scroll labelled JOBBAMMEIT, it crumbles to dust.
It is a scroll of enchant armour.
Your +1 cloak glows green for a moment.
The orc hits you with the +4 mace of Nemelex Xobeh's Anger {venom, Str+5 Stlth+}!
* * * LOW HITPOINT WARNING * * *
You can't drink.
Okay, then.
Unknown command.
The orc completely misses you. Why would you want to do that?
As you read the scroll labelled QYIMUSYOXE, it crumbles to dust.
You speak a Word of immense power!
You are blasted by holy energy!
* * * LOW HITPOINT WARNING * * *
It was a scroll of holy word.
The orc barely misses you.
You closely miss the orc.
The orc is lightly wounded.
The orc hits you with the +4 mace of Nemelex Xobeh's Anger {venom, Str+5 Stlth+}.
* * * LOW HITPOINT WARNING * * *
You hit the orc but do no damage.
The orc is lightly wounded.
The orc barely misses you.
You hit the orc but do no damage.
The orc is lightly wounded.
You hit the orc but do no damage.
The orc is lightly wounded.
The orc hits you with the +4 mace of Nemelex Xobeh's Anger {venom, Str+5 Stlth+}!
You die...
Kikubaaqudgha rasps: "You have failed me!
Welcome... oblivion!"

.................)......#
>.........#...#..###....##
............####.........#
....##.###### #####.###.#
###.##..# #..###.# #.#...##
##.###..#
###.#.#..#########..###.##
≈≈≈≈≈.≈≈≈≈≈≈≈≈≈≈.o.##....##
##♣##'##♣######≈@####.....##
#≈♣≈#'#≈♣≈#8..#≈####.......#
##8##.##8##...#≈...........#
'.........'...#≈###.†......#
###8#+#8###...#≈....#.....##
##♣##+##♣##8.8#≈...........#
#♣≈.....≈♣##+##≈...........#
#♣...)...♣##.#≈≈...........#
#.........#8.###....#..†..##


You could see an orc.

Vanquished Creatures
  8 adders
  5 dart slugs
  4 orcs
  7 bats
  4 endoplasms
  4 giant cockroaches
  2 goblins
  4 hobgoblins
  2 jackals (D:1)
  8 kobolds
  4 quokkas
  7 ball pythons
  2 frilled lizards (D:2)
  7 rats
68 creatures vanquished.

Vanquished Creatures (others)
  A plant (D:1)
1 creature vanquished.

Grand Total: 69 creatures vanquished

Notes
Turn   | Place    | Note
-------+----------+-------------------------------------------
     0 | D:1      | Gabide the Mummy Monk began the quest for the Orb.
     0 | D:1      | Reached XP level 1. HP: 18/18 MP: 1/1
   154 | D:1      | Reached XP level 2. HP: 24/24 MP: 2/2
   187 | D:1      | Reached skill level 3 in Polearms
   408 | D:1      | Found a faded altar of an unknown god.
   420 | D:1      | Prayed at the altar of an unknown god.
   420 | D:1      | Became a worshipper of Kikubaaqudgha
   420 | D:1      | Reached * piety under Kikubaaqudgha
   420 | D:1      | Received a gift from Kikubaaqudgha
   420 | D:1      | Reached ** piety under Kikubaaqudgha
   669 | D:1      | Reached *** piety under Kikubaaqudgha
   669 | D:1      | Received a gift from Kikubaaqudgha
  1062 | D:2      | Found Sibyimy's Weapon Shop.
  1065 | D:2      | Reached XP level 3. HP: 29/29 MP: 3/3
  1436 | D:2      | Found Facrothu's Assorted Antiques.
  1444 | D:2      | Bought a scroll labelled OTUSKY IVAONUL for 22 gold pieces
  1725 | D:2      | Reached skill level 4 in Polearms
  1725 | D:2      | Reached XP level 4. HP: 18/35 MP: 4/4
  1880 | D:2      | Found Loatim's Antique Weapon Boutique.
  2089 | D:2      | Found Aluuculi's Distillery.
  3070 | D:3      | Found Bupri's General Store.
  3284 | D:3      | Found a runed translucent gate.
  3352 | D:3      | Found a runed translucent gate.
  3353 | D:3      | Found a runed translucent gate.
  3355 | D:3      | Noticed Sobaton's ghost (amateur MiFi)
  3357 | D:3      | Identified the +4 mace of Nemelex Xobeh's Anger {venom,
                  | Str+5 Stlth+}
  3488 | D:3      | Reached XP level 5. HP: 34/41 MP: 5/5
  4369 | D:1      | Mangled by an orc

Illustrated notes

Levels and vault maps discovered:
D:1:      saegor_arrival_fortress, layout_rooms,
          hellmonk_ecumenical_altar_lost_god, hangedman_glass_teeth,
          serial_bayou_ford_a
D:2:      layout_loops_ring, serial_shops, nicolae_shop_behind_doors,
          nicolae_shop_bloodbath_and_beyond, shop, shop,
          kennysheep_generic_room_12
D:3:      layout_basic, biasface_ghost_orc_armoury, serial_shops,
          nicolae_shop_stone

Skill      XL: |  1  2  3 |
---------------+----------+-----
Polearms       | 3 4 |  4.8
Fighting       | |  3.0
Dodging        | |  2.4
Stealth        | |  1.5

Action                   |  1- 3 |  4- 6 || total
-------------------------+-------+-------++-------
Melee: Spear             |   141 |   179 ||   320
Throw: Throwing net      |     2 |       ||     2
  Use: Scroll            |     2 |     6 ||     8
 Stab: Sleeping          |     3 |    10 ||    13
       Held in net/web   |     2 |       ||     2
Armor: Robe              |    22 |    24 ||    46
Dodge: Dodged            |    69 |   104 ||   173
